 Dungeon Crawl Stone Soup version 0.30-a0-272-gf98c3da03f (webtiles) character file.

Game seed: 14721255742054530520

119 purpskrrrp the Ruffian (level 4, -9/45 HPs)
             Began as a Troll Berserker on Oct 15, 2022.
             Was a Believer of Trog.
             Killed by divine providence
             ... invoked by an orc priest
              (11 damage)
             ... on level 4 of the Dungeon.
             The game lasted 00:03:47 (2594 turns).

purpskrrrp the Ruffian (Troll Berserker)            Turns: 2594, Time: 00:03:48

Health: -9/45      AC:  4    Str: 27    XL:     4   Next: 74%
Magic:  3/3        EV: 10    Int:  3    God:    Trog [**....]
Gold:   186        SH:  0    Dex:  9    Spells: 3/3 levels left

rFire   . . .      SeeInvis .      - Unarmed
rCold   . . .      Faith    .    (no shield)
rNeg    . . .      Spirit   .    a - +0 animal skin
rPois   .          Reflect  .    (helmet restricted)
rElec   .          Harm     .    (no cloak)
rCorr   .          Rampage  .    (gloves unavailable)
Will    .....                    (boots unavailable)
Stlth   +.........               (no amulet)
HPRegen 1.07/turn                (no ring)
MPRegen 0.08/turn                (no ring)

@: hasted, very quick
A: large, unfitting armour, claws 3, regeneration 1, shaggy fur 1, tough skin 1
a: Renounce Religion, Berserk, Trog's Hand


You were on level 4 of the Dungeon.
You worshipped Trog.
Trog was pleased with you.
You visited 1 branch of the dungeon, and saw 4 of its levels.

You collected 186 gold pieces.

Inventory:

Armour
 a - a +0 animal skin (worn)
Wands
 f - a wand of polymorph (14)
Scrolls
 e - a scroll of noise
Potions
 c - a potion of degeneration
 g - a potion of magic {unknown}
 h - a potion of brilliance {unknown}


   Skills:
 + Level 3.2 Fighting
 - Level 2.4 Dodging
 * Level 4.9 Unarmed Combat


You had 3 spell levels left.
You didn't know any spells.
Your spell library was empty.

Dungeon Overview and Level Annotations

Branches:
Dungeon (4/15)
 Temple: D:4-7

Altars:
Hepliaklqana
Nemelex Xobeh


Innate Abilities, Weirdness & Mutations

You are too large for most types of armour.
You have claws for hands.
Your natural rate of healing is unusually fast.
You are covered in fur. (AC +1)
You have tough skin. (AC +1)


Message History

You are too injured to fight recklessly!
You are too injured to fight recklessly!
You are too injured to fight recklessly!
You are too injured to fight recklessly!
You are too injured to fight recklessly!
You are too injured to fight recklessly!
You are too injured to fight recklessly!
You are too injured to fight recklessly!
You are too injured to fight recklessly!
You are too injured to fight recklessly!
You barely miss the orc priest.
The orc priest hits you with a +0 war axe.
The orc wizard hits you but does no damage.
The orc hits you with a +0 flail.
* * * LOW HITPOINT WARNING * * *
The orc priest hits you with a +1 flail of protection!
* * * LOW HITPOINT WARNING * * *
Okay, then.
You feel much better. The orc priest closely misses you.
The orc wizard barely misses you. The orc barely misses you.
The orc priest closely misses you.
The orc wizard attacks as you move away!
The orc wizard hits you with a +0 dagger.
The orc priest mumbles some strange prayers to Beogh against you.
Beogh smites you! The orc barely misses you.
The orc priest attacks as you move away!
The orc priest hits you with a +0 war axe.
The orc attacks as you move away! The orc closely misses you.
The orc priest attacks as you move away!
The orc priest hits you with a +0 war axe.
* * * LOW HITPOINT WARNING * * *
The orc priest invokes the aid of Beogh against you.
Beogh smites you!
* * * LOW HITPOINT WARNING * * *
You feel yourself speed up. The orc priest barely misses you.
The orc wizard hits you with a +0 dagger.
* * * LOW HITPOINT WARNING * * *
The orc priest invokes the aid of Beogh against you.
Beogh smites you!
You die...

...#..........#........#....'..#
...#+###.###.###.#######....#..#
......##.# #+###.#####.....##..#
......# #.......'.....#...#
......+ . #.......#.....'...#
......# #. ##..#####.....##..#
##.<..# ##.###..### ###....####
#....+ ..........# #....# #....#
.......@..# #....# #....#
...##.....# #....# ...###
...##oooo.## #....# ....#
.......o...# #....# ....+
.......o...# #....+ ....#
.####...#### #...# ......
.......


You could see 3 orc priests, an orc wizard and 2 orcs.

Vanquished Creatures
  An iguana (D:3)
  3 adders
  A worm (D:2)
  2 dart slugs
  5 orcs (D:3)
  4 bats
  7 endoplasms
  2 giant cockroaches
  2 goblins
  2 hobgoblins
  3 jackals (D:3)
  6 kobolds
  A quokka (D:3)
  6 ball pythons
  3 frilled lizards
  5 rats
53 creatures vanquished.

Notes
Turn   | Place    | Note
-------+----------+-------------------------------------------
     0 | D:1      | purpskrrrp the Troll Berserker began the quest for the Orb.
     0 | D:1      | Reached XP level 1. HP: 22/22 MP: 0/0
    70 | D:1      | Reached XP level 2. HP: 26/29 MP: 1/1
  1170 | D:2      | Reached ** piety under Trog
  1232 | D:2      | Reached XP level 3. HP: 35/36 MP: 2/2
  1251 | D:2      | Reached skill level 4 in Unarmed Combat
  1721 | D:3      | Reached XP level 4. HP: 43/45 MP: 3/3
  2002 | D:3      | Found a sparkling altar of Nemelex Xobeh.
  2184 | D:3      | Found a faded altar of an unknown god.
  2188 | D:3      | Found a hazy altar of Hepliaklqana.
  2588 | D:4      | HP: 1/45 [orc priest/+1 flail of protection (7)]
  2593 | D:4      | HP: 1/45 [orc wizard/+0 dagger (2)]
  2594 | D:4      | Killed from afar by an orc priest

Illustrated notes

Levels and vault maps discovered:
D:1:      nzn_arrival_water_spiral, layout_basic, serial_co_window_serial,
          co_window_paths_b, co_window_paths_b, co_window_paths_a,
          co_window_paths_a, co_window_of_opportunity_a, co_window_corner_ca,
          co_window_2corner, co_window_cross_2, co_window_of_opportunity_b,
          co_window_2corner, co_window_4corner_b
D:2:      layout_loops_cross, minmay_misc_feat_nine_boxes
D:3:      layout_loops_cross, nemelex_dance_club_becter,
          nicolae_overflow_ecumenical_swirl, kennysheep_another_room
D:4:      layout_gridville, mainiacjoe_overflow_small_starburst

Skill      XL: |  1  2  3 |
---------------+----------+-----
Unarmed Combat | 4 |  4.9
Fighting       | 3 |  3.2
Dodging        | |  2.4

Action                   |  1- 3 |  4- 6 || total
-------------------------+-------+-------++-------
Melee: Unarmed           |    74 |    64 ||   138
       Punch             |     1 |       ||     1
  Use: Scroll            |     6 |     1 ||     7
       Potion            |       |     2 ||     2
Armor: Animal skin       |    20 |    17 ||    37
Dodge: Dodged            |    31 |    35 ||    66

Table legend: (Time is in decaauts)
 A = Elapsed time spent in this place.
 B = Non-inter-level travel time spent in this place.
 C = Inter-level travel time spent in this place.
 D = Time resting spent in this place.
 E = Time spent auto-exploring this place.
 F = Levels seen in this place.
 G = Mean time per level.
                   A        B        C        D        E       F      G
               +--------+--------+--------+--------+--------+-----+--------+
         Total |   2582 |   2390 |    192 |      0 |   2058 |   4 |  645.5 |
       Dungeon |   2582 |   2390 |    192 |      0 |   2058 |   4 |  645.5 |
               +--------+--------+--------+--------+--------+-----+--------+

Top non-repeatable levels by time:
     D:1: 1054 daAuts
     D:3: 747 daAuts
     D:2: 613 daAuts
     D:4: 166 daAuts
